 Dungeon Crawl Stone Soup version 0.30.1-3-gfc49f6343a (webtiles) character file.

Game seed: 1467525207168948515

1272 Heoruswealwe the Thaumaturge (level 8, -3/41 HPs)
             Began as a Deep Elf Conjurer on Aug 2, 2023.
             Killed from afar by Maggie (24 damage)
             ... with a bolt of fire
             ... on level 6 of the Dungeon.
             The game lasted 00:52:31 (4998 turns).

Heoruswealwe the Thaumaturge (Deep Elf Conjurer)    Turns: 4998, Time: 00:52:32

Health: -3/41      AC:  5    Str:  4    XL:     8   Next: 28%
Magic:  20/23      EV: 17    Int: 32    God:
Gold:   222        SH:  5    Dex: 13    Spells: 9/26 levels left

rFire   . . .        (no weapon)
rCold   . . .        (no shield)
rNeg    . . .        c - +2 robe {Archmagi}
rPois   .            (no helmet)
rElec   .            h - +0 cloak
rCorr   .            (no gloves)
SInv    .            (no boots)
Will    .....        i - amulet of reflection
Stlth   ++           k - +5 ring of evasion
HPRegen 0.26/turn    j - +6 ring of intelligence
MPRegen 0.18/turn

%: reflection, archmagi
@: mesmerised
A: no striking features
a: no special abilities


You were on level 6 of the Dungeon.
You visited 1 branch of the dungeon, and saw 6 of its levels.
You also visited: Sewer.

You collected 292 gold pieces.
You spent 70 gold pieces at shops.

Inventory:

Armour
 c - a +2 robe of the Archmagi (worn)
 h - a +0 cloak (worn)
Jewellery
 i - an amulet of reflection (around neck)
 j - a +6 ring of intelligence (right hand)
 k - a +5 ring of evasion (left hand)
Scrolls
 a - 3 scrolls of teleportation
 e - a scroll of enchant armour
 f - 2 scrolls of enchant weapon
 l - a scroll of immolation
 s - a scroll of poison
 u - a scroll of fog
 v - a scroll of brand weapon {unknown}
 w - a scroll of acquirement {unknown}
Potions
 b - 2 potions of invisibility
 d - 4 potions of haste
 g - 5 potions of curing
 m - 2 potions of flight
 n - a potion of might
 o - 3 potions of brilliance
 p - 3 potions of cancellation {unknown}
 q - a potion of berserk rage {unknown}
 r - 2 potions of degeneration {unknown}
 t - 3 potions of heal wounds {unknown}


   Skills:
 - Level 2.4 Dodging
 - Level 2.4 Stealth
 + Level 9.7 Spellcasting
 + Level 9.0 Conjurations


You had 9 spell levels left.
You knew the following spells:

 Your Spells              Type           Power      Damage    Failure   Level
a - Magic Dart            Conj           100%       1d8       1%          1
b - Searing Ray           Conj           100%       2d8       1%          2
c - Dazzling Flash        Conj/Hex       100%       N/A       1%          3
d - Mephitic Cloud        Conj/Pois/Air  51%        N/A       2%          3
e - Fulminant Prism       Conj/Hex       30%        3d15      4%          4
f - Iskenderun's Mystic   Conj/Tloc      61%        2d13      4%          4

Your spell library contained the following spells:

 Spells                   Type           Power      Damage    Failure   Level
 Necrotise                Necr           92%        1d8       3%          1
 Call Imp                 Summ           46%        N/A       4%          2
 Vampiric Draining        Necr           23%        2d7       10%         3
 Agony                    Necr           23%        N/A       65%         5


Dungeon Overview and Level Annotations

Branches:
Dungeon (6/15)              Sewer (visited)
 Temple: D:4-7

Altars:
Elyvilon

Shops:
D:4 *

Annotations:
D:6 Maggie


Message History

Search for what [Enter for "."]? .
Things that are here:
a +0 spear; a gnoll corpse
There is an escape hatch in the ceiling here.
There is an escape hatch in the floor here.
You slide downwards.
The hatch slams shut behind you.
You hear the hiss of flowing sand.
There is an entrance to an ossuary on this level.
Hurry and find it before the portal is buried!
Found a scroll of identify.
Found a stone staircase leading down.
x - a scroll of identify
As you read the scroll of identify, it crumbles to dust.
u - a scroll of fog You open the door.
Found a book of Debilitation.
Found a stone staircase leading up.
There is an open door here.
Maggie the Vainglorious comes into view.
She is wielding a +2 halberd of distortion.
Found 14 gold pieces.
Maggie shouts!
Casting: Magic Dart (safe; 1% risk of failure)
Confirm with . or Enter, or press ? or * to list all spells.
Aiming: Searing Ray (safe; 1% risk of failure)
Press: ? - help, Shift-Dir - straight line, f - Maggie
Aim: Maggie, wielding a +2 halberd of distortion and wearing +0 steam dragon scales (83% to hit)
You feel a surge of power!
The searing ray hits Maggie!
Maggie is lightly wounded. (Press . to maintain the ray.) Maggie gestures wildly while chanting.
Maggie attempts to bespell you!
You are mesmerised by Maggie!
The searing ray misses Maggie.
Maggie points at you and mumbles some strange words.
The bolt of fire hits you!!
Ouch! That really hurt!
You feel better. Maggie casts a spell at you. The bolt of fire hits you!!
Ouch! That really hurt!
You die...

### ..# #
#########.#
#.######.......#.##
#.....>............
#.....#.......#.#
#:...@'......##.#
#....##......##.#
#.... #..###.##.#
#<... #.........#
..@...
#.####..........
.....## #.#
########... ....$
..# . ..... ####


You could see Maggie (mesmerising).

Vanquished Creatures
  Sigmund (D:2)
  Duvessa (D:5)
  An ice beast (D:5)
  A phantom (D:5)
  A bullfrog (D:5)
  2 scorpions
  Dowan (D:5)
  2 jellies
  A gnoll bouda (D:5)
  2 hounds (D:4)
  Crazy Yiuf (D:2)
  A sleepcap (D:5)
  2 iguanas (D:5)
  3 orc wizards
  9 gnolls
  6 adders
  A river rat (Sewer)
  An ufetubus (D:4)
  A worm (Sewer)
  2 dart slugs
  7 orcs
  6 endoplasms
  6 giant cockroaches
  6 goblins
  10 hobgoblins
  10 jackals
  11 kobolds
  4 quokkas
  10 ball pythons
  6 bats
  A frilled lizard (D:3)
  14 rats
131 creatures vanquished.

Vanquished Creatures (others)
  A fulminant prism (D:5)
1 creature vanquished.

Grand Total: 132 creatures vanquished

Notes
Turn   | Place    | Note
-------+----------+-------------------------------------------
     0 | D:1      | Heoruswealwe the Deep Elf Conjurer began the quest for the
                  | Orb.
     0 | D:1      | Reached XP level 1. HP: 10/10 MP: 6/6
   428 | D:1      | Reached XP level 2. HP: 15/15 MP: 5/8
   431 | D:1      | Learned a level 2 spell: Searing Ray
   805 | D:2      | Found a faded altar of an unknown god.
   868 | D:2      | Reached skill level 5 in Conjurations
   868 | D:2      | Reached XP level 3. HP: 17/19 MP: 7/10
   872 | D:2      | Learned a level 3 spell: Dazzling Flash
   876 | D:2      | Learned a level 3 spell: Mephitic Cloud
  1343 | D:1      | You fall into a shaft and drop 1 floor!
  1546 | D:2      | Noticed Sigmund
  1556 | D:2      | Killed Sigmund
  1557 | D:2      | Reached skill level 5 in Spellcasting
  1557 | D:2      | Reached XP level 4. HP: 10/24 MP: 6/13
  1557 | D:2      | Reached XP level 5. HP: 12/28 MP: 6/15
  1562 | D:2      | Learned a level 4 spell: Fulminant Prism
  1748 | D:2      | Found a runed translucent door.
  1749 | D:2      | Noticed Crazy Yiuf
  1755 | D:2      | Killed Crazy Yiuf
  1978 | D:3      | Reached XP level 6. HP: 27/32 MP: 4/17
  1983 | D:3      | Learned a level 4 spell: Iskenderun's Mystic Blast
  2935 | D:4      | Found Gaupt's General Store.
  2959 | D:4      | Bought a potion of attraction for 42 gold pieces
  2959 | D:4      | Bought a scroll of identify for 28 gold pieces
  3472 | D:4      | Found a white marble altar of Elyvilon.
  3654 | D:5      | Entered Level 5 of the Dungeon
  3657 | D:5      | Noticed Duvessa
  3657 | D:5      | Noticed Dowan
  3673 | D:5      | Found a glowing drain.
  3700 | Sewer    | Entered a sewer
  3714 | Sewer    | Reached XP level 7. HP: 36/36 MP: 11/19
  4004 | D:5      | Killed Dowan
  4008 | D:5      | Killed Duvessa
  4518 | D:5      | Reached XP level 8. HP: 41/41 MP: 10/23
  4995 | D:6      | Noticed Maggie
  4998 | D:6      | Killed from afar by Maggie

Illustrated notes

Levels and vault maps discovered:
D:1:      lightli_arrival_lavapool, layout_basic
D:2:      layout_basic, nicolae_ecumenical_pavilion, chequers_jeans,
          uniq_crazy_yiuf_cottage, uniq_sigmund
D:3:      layout_basic, ebering_dispersal_statue_hall, item_on_display_a
D:4:      layout_basic, nicolae_elyvilon_temple_path, serial_shops,
          nicolae_shop_crystal, minmay_tree_intersection
D:5:      layout_loops_ring, portal_sewer_entry_a, kennysheep_generic_room_3,
          uniq_duvessa
D:6:      layout_basic, amcnicky_altar_gilded,
          minmay_temple_entry_gardened_gates, enter_ossuary_1,
          minmay_misc_feat_alley, corner_web_ring, uniq_maggie

Skill      XL: |  1  2  3  4  5  6  7  8 |
---------------+-------------------------+-----
Spellcasting   | 4 5 6 7 9 |  9.7
Conjurations   | 5 6 7 8 9 |  9.0
Dodging        | |  2.4
Stealth        | |  2.4

Action                     |  1- 3 |  4- 6 |  7- 9 || total
---------------------------+-------+-------+-------++-------
  Melee: Unarmed           |       |     7 |       ||     7
         Punch             |       |     1 |       ||     1
   Cast: Magic Dart        |    72 |    84 |    61 ||   217
         Searing Ray       |     2 |     9 |    11 ||    22
         Iskenderun's Myst |       |       |    10 ||    10
         Fulminant Prism   |       |       |     1 ||     1
    Use: Potion            |     2 |       |     5 ||     7
         Scroll            |       |     6 |     5 ||    11
 Armour: Robe              |     5 |     1 |     5 ||    11
  Dodge: Dodged            |    24 |    11 |    21 ||    56
  Block: Other             |     1 |     2 |     8 ||    11
